 Dungeon Crawl Stone Soup version 0.30-a0-629-gd54f4be4f7 (webtiles) character file.

Game seed: 16931502577312134159

232 fernweh the Ruffian (level 6, -5/44 HPs)
             Began as a Gnoll Wanderer on July 10, 2022.
             Killed from afar by Ijyb (15 damage)
             ... with an iceblast
             ... on level 3 of the Dungeon on Jan 13, 2023.
             The game lasted 00:23:31 (4337 turns).

fernweh the Ruffian (Gnoll Wanderer)                Turns: 4337, Time: 00:23:32

Health: -5/44      AC:  3    Str: 21    XL:     6   Next: 4%
Magic:  12/13      EV: 11    Int: 12    God:
Gold:   133        SH:  0    Dex:  9    Spells: 8/15 levels left

rFire   . . .      SeeInvis .    n - +1 dagger (distort)
rCold   . . .      Faith    .    (no shield)
rNeg    . . .      Spirit   .    e - +0 leather armour
rPois   .          Reflect  .    (no helmet)
rElec   .          Harm     .    (no cloak)
rCorr   .          Rampage  .    (no gloves)
Will    .....                    (no boots)
Stlth   +                        (no amulet)
HPRegen 0.27/turn                r - +6 ring of strength
MPRegen 0.13/turn                (no ring)

@: about to teleport
A: fangs 1, strong nose, distributed training
a: no special abilities


You were on level 3 of the Dungeon.
You visited 1 branch of the dungeon, and saw 3 of its levels.

You collected 133 gold pieces.

Inventory:

Hand Weapons
 a - a +0 dagger
 n - a +1 dagger of distortion (weapon)
Armour
 e - a +0 leather armour (worn)
Magical Staves
 m - a staff of poison
Jewellery
 r - a +6 ring of strength (left hand)
 t - a ring of see invisible
Wands
 o - a wand of flame (19)
Scrolls
 h - 3 scrolls of identify {unknown}
 i - a scroll of blinking {unknown}
 p - a scroll of amnesia {unknown}
Potions
 c - 2 potions of attraction
 f - 2 potions of cancellation {unknown}
 g - a potion of mutation {unknown}
 j - 2 potions of brilliance {unknown}
 k - 2 potions of lignification {unknown}
 q - a potion of haste {unknown}
 s - a potion of magic {unknown}


   Skills:
 + Level 1.8 Fighting
 + Level 1.8 Short Blades
 + Level 1.8 Long Blades
 + Level 1.8 Axes
 + Level 1.8 Maces & Flails
 + Level 1.8 Polearms
 + Level 1.8 Staves
 + Level 1.8 Ranged Weapons
 + Level 3.1 Throwing
 + Level 1.8 Armour
 + Level 1.8 Dodging
 + Level 1.8 Stealth
 + Level 1.8 Shields
 + Level 6.8 Unarmed Combat
 + Level 5.3 Spellcasting
 + Level 1.4 Conjurations
 + Level 1.4 Hexes
 + Level 1.4 Summonings
 + Level 5.6 Necromancy
 + Level 1.4 Translocations
 + Level 1.4 Transmutations
 + Level 1.4 Fire Magic
 + Level 1.4 Ice Magic
 + Level 1.4 Air Magic
 + Level 1.4 Earth Magic
 + Level 1.4 Poison Magic
 + Level 3.3 Invocations
 + Level 1.8 Evocations


You had 8 spell levels left.
You knew the following spells:

 Your Spells              Type           Power      Damage    Failure   Level
a - Necrotise             Necr           64%        1d7       2%          1
b - Mephitic Cloud        Conj/Pois/Air  6%         N/A       36%         3
c - Tukima's Dance        Hex            6%         N/A       36%         3

Your spell library contained the following spells:

 Spells                   Type           Power      Damage    Failure   Level
 Vampiric Draining        Necr           16%        2d7       7%          3
 Ignite Poison            Fire/Tmut/Pois 6%         N/A       36%         3
 Passage of Golubria      Tloc           6%         N/A       77%         4
 Freezing Cloud           Conj/Ice/Air   3%         6-21      98%         5
 Iskenderun's Battlesphe  Conj           6%         2d6       98%         5
 Yara's Violent Unravell  Hex/Tmut       3%         3d4       98%         5
 Iron Shot                Conj/Erth      3%         9d2       100%        6
 Spellforged Servitor     Conj/Summ      3%         N/A       100%        7


Dungeon Overview and Level Annotations

Branches:
Dungeon (3/15)

Altars:
Trog

Annotations:
D:3 1 runed translucent door, Ijyb; Sweetruy1997's ghost, weakling AtFi


Innate Abilities, Weirdness & Mutations

You have very sharp teeth.
Your uncanny sense of smell can sniff out nearby items.
Your experience applies equally to all skills.


Message History

You barely miss the goblin. Your punch misses the goblin.
You bite the goblin, but do no damage.
The goblin is severely wounded.
The goblin closely misses you.
You hit the goblin.
You kill the goblin!
You hit the gnoll. Your bite misses the gnoll.
The gnoll is lightly wounded.
The gnoll blinks!
The gnoll hits you from afar with a +0 spear.
You hit the goblin.
Space warps horribly around the goblin!!
You kill the goblin!
The gnoll barely misses you. The gnoll hits you with a +0 club.
The gnoll hits you with a +0 spear.
* * * LOW HITPOINT WARNING * * *
Items here: ))) ††.
The gnoll barely misses you.
You feel better. The gnoll hits you with a +0 club!
* * * LOW HITPOINT WARNING * * *
The gnoll hits you from afar with a +0 spear.
* * * LOW HITPOINT WARNING * * *
As you read the scroll labelled BEYSAW SOTT, it crumbles to dust.
You feel strangely unstable.
It was a scroll of teleportation.
The gnoll closely misses you. x2
Your surroundings suddenly seem different.
j - 2 white potions (gained 1)
The gnoll shouts!
Ijyb the Twisted Goblin comes into view.
She is wielding a +4 mace and carrying a wand of iceblast (7).
Ijyb shouts!
You hear a shout!
As you read the scroll of teleportation, it crumbles to dust.
You feel strangely unstable.
Ijyb zaps a wand.
The mass of ice explodes!
The iceblast engulfs you!
* * * LOW HITPOINT WARNING * * *
You hear a shout! x3
Unknown command.
Okay, then.
You feel better. The gnoll closely misses you.
Ijyb zaps a wand.
The mass of ice explodes!
The iceblast engulfs you!
You die...

........... ......... .
........## ....###..##
....#...... ∆ ........#
...[#####
..####################..
.............g.g@.....g.
..####################..
..# ..# ..# ..# ###


You could see Ijyb and 2 gnolls.

Vanquished Creatures
  An orc priest (D:2)
  Jessica (D:3)
  An orc wizard (D:3)
  Robin (D:3)
  A gnoll (D:3)
  4 adders
  2 worms (D:3)
  2 dart slugs
  6 orcs
  8 endoplasms
  3 giant cockroaches
  18 goblins
  6 hobgoblins
  7 kobolds
  5 quokkas
  4 ball pythons (D:1)
  3 bats (D:1)
  2 frilled lizards
  5 rats
80 creatures vanquished.

Vanquished Creatures (collateral kills)
  A bat (D:1)
1 creature vanquished.

Grand Total: 81 creatures vanquished

Notes
Turn   | Place    | Note
-------+----------+-------------------------------------------
     0 | D:1      | fernweh the Gnoll Wanderer began the quest for the Orb.
     0 | D:1      | fernweh set off with the following items: a +0 dagger, 11
                  | poisoned darts, a potion of attraction, a potion of curing,
                  | a +0 leather armour; and the following spell memorised:
                  | Necrotise; and the following spells available to memorise:
                  | Vampiric Draining, Corpse Rot.
     0 | D:1      | Reached XP level 1. HP: 13/13 MP: 6/6
   401 | D:1      | Reached XP level 2. HP: 19/19 MP: 3/7
  1396 | D:1      | Reached skill level 5 in Spellcasting
  1396 | D:1      | Reached XP level 3. HP: 25/25 MP: 5/9
  2424 | D:2      | Reached skill level 1 in Fighting
  2424 | D:2      | Reached skill level 1 in Short Blades
  2424 | D:2      | Reached skill level 1 in Long Blades
  2424 | D:2      | Reached skill level 1 in Axes
  2424 | D:2      | Reached skill level 1 in Maces & Flails
  2424 | D:2      | Reached skill level 1 in Polearms
  2424 | D:2      | Reached skill level 1 in Staves
  2424 | D:2      | Reached skill level 1 in Ranged Weapons
  2424 | D:2      | Reached skill level 1 in Armour
  2424 | D:2      | Reached skill level 1 in Dodging
  2424 | D:2      | Reached skill level 1 in Stealth
  2424 | D:2      | Reached skill level 1 in Shields
  2424 | D:2      | Reached skill level 1 in Evocations
  2563 | D:2      | Found a faded altar of an unknown god.
  2657 | D:2      | Reached XP level 4. HP: 32/32 MP: 6/11
  3021 | D:2      | Found a bloodstained altar of Trog.
  3046 | D:2      | Upgraded the game from 0.29-a0-824-gd827844252 to
                  | 0.30-a0-629-gd54f4be4f7
  3163 | D:2      | Reached skill level 1 in Conjurations
  3163 | D:2      | Reached skill level 1 in Hexes
  3163 | D:2      | Reached skill level 1 in Summonings
  3163 | D:2      | Reached skill level 1 in Translocations
  3163 | D:2      | Reached skill level 1 in Transmutations
  3163 | D:2      | Reached skill level 1 in Fire Magic
  3163 | D:2      | Reached skill level 1 in Ice Magic
  3163 | D:2      | Reached skill level 1 in Air Magic
  3163 | D:2      | Reached skill level 1 in Earth Magic
  3163 | D:2      | Reached skill level 1 in Poison Magic
  3383 | D:2      | Learned a level 3 spell: Mephitic Cloud
  3471 | D:3      | Reached XP level 5. HP: 23/37 MP: 12/12
  3701 | D:3      | Noticed Jessica
  3707 | D:3      | Killed Jessica
  3756 | D:3      | Found a runed translucent gate.
  3756 | D:3      | Identified the +10 mace of the Dwarven Hall {protect, rC+
                  | Will- Int+4}
  3756 | D:3      | Identified the +1 leather armour "Ynusicuo" {Regen+ MP+9
                  | Stlth+}
  3756 | D:3      | Noticed Sweetruy1997's ghost (weakling AtFi)
  4063 | D:2      | Learned a level 3 spell: Tukima's Dance
  4249 | D:3      | Noticed Robin
  4257 | D:3      | Killed Robin
  4286 | D:3      | Reached XP level 6. HP: 17/44 MP: 6/13
  4335 | D:3      | Noticed Ijyb
  4336 | D:3      | HP: 2/44 [Ijyb/iceblast (11)]
  4337 | D:3      | Killed from afar by Ijyb

Illustrated notes

Levels and vault maps discovered:
D:1:      lemuel_arrival_broad_hall, layout_basic, dreamdust_princess_corridor,
          minmay_misc_feat_cross
D:2:      layout_loops_ring, basic_altar,
          shapermc_ecumenical_altar_totnotflames, minmay_misc_feat_more_columns,
          serial_bayou_pond_c
D:3:      layout_rooms, serial_shops, shop, biasface_ghost_orc_armoury,
          uniq_jessica, uniq_ijyb, uniq_robin, uniq_sigmund

Skill      XL: |  1  2  3  4  5 |
---------------+----------------+-----
Spellcasting   | 5 |  5.3
Fighting       | 1 |  1.8
Short Blades   | 1 |  1.8
Long Blades    | 1 |  1.8
Axes           | 1 |  1.8
Maces & Flails | 1 |  1.8
Polearms       | 1 |  1.8
Staves         | 1 |  1.8
Ranged Weapons | 1 |  1.8
Armour         | 1 |  1.8
Dodging        | 1 |  1.8
Stealth        | 1 |  1.8
Shields        | 1 |  1.8
Evocations     | 1 |  1.8
Conjurations   | 1 |  1.4
Hexes          | 1 |  1.4
Summonings     | 1 |  1.4
Translocations | 1 |  1.4
Transmutations | 1 |  1.4
Fire Magic     | 1 |  1.4
Ice Magic      | 1 |  1.4
Air Magic      | 1 |  1.4
Earth Magic    | 1 |  1.4
Poison Magic   | 1 |  1.4
Invocations    | 3 |  3.3
Throwing       | 3 |  3.1
Unarmed Combat | |  6.8
Necromancy     | |  5.6

Action                   |  1- 3 |  4- 6 || total
-------------------------+-------+-------++-------
Melee: Dagger            |   100 |    90 ||   190
       Punch             |     4 |     1 ||     5
       Bite              |    10 |     9 ||    19
Throw: Dart              |       |    35 ||    35
 Cast: Necrotise         |    47 |    22 ||    69
  Use: Potion            |       |     4 ||     4
       Scroll            |       |     2 ||     2
 Stab: Sleeping          |     1 |       ||     1
Armor: Leather armour    |    34 |    15 ||    49
Dodge: Dodged            |    68 |    43 ||   111

Table legend: (Time is in decaauts)
 A = Elapsed time spent in this place.
 B = Non-inter-level travel time spent in this place.
 C = Inter-level travel time spent in this place.
 D = Time resting spent in this place.
 E = Time spent auto-exploring this place.
 F = Levels seen in this place.
 G = Mean time per level.
                   A        B        C        D        E       F      G
               +--------+--------+--------+--------+--------+-----+--------+
         Total |   4333 |   4191 |    142 |    154 |   2982 |   3 | 1444.3 |
       Dungeon |   4333 |   4191 |    142 |    154 |   2982 |   3 | 1444.3 |
               +--------+--------+--------+--------+--------+-----+--------+

Top non-repeatable levels by time:
     D:1: 2131 daAuts
     D:2: 1811 daAuts
     D:3: 391 daAuts
